Map: Lock & Load

Players

darkmatterdr

  • Race: Protoss Protoss
  • Spawn Location: 7:00

Smileblind

  • Race: Protoss Protoss
  • League: Silver
  • Spawn Location: 6:00

VOD

Have the link to the VOD?

Description

Time

  • Played on: Feb. 7, 2019, 10:35 a.m.
  • Length: 26:14
Show
View Real Time Build Order
Export as new Build Order

darkmatterdr Protoss 

Build Orders:  

Get SALT Encoding   

  12  0:04  Probe (Chrono Boost)  
  13  0:23  Pylon  
  13  0:34  Gateway  
  13  0:35  Probe (Chrono Boost)  
  14  0:53  Forge  
  14  1:07  Probe (Chrono Boost)  
  15  1:17  Probe (Chrono Boost)  
  16  1:23  Pylon  
  16  1:28  Probe (Chrono Boost)  
  17  1:30  Pylon  
  17  1:49  Assimilator  
  17  1:55  Assimilator  
  17  1:56  Probe (Chrono Boost)  
  18  2:04  Cybernetics Core  
  18  2:06  Probe (Chrono Boost)  
  19  2:17  Probe (Chrono Boost)  
  19  2:18  Sentinel  
  20  2:27  Probe (Chrono Boost)  
  23  2:35  Pylon  
  23  2:38  Probe (Chrono Boost)  
  24  2:41  Photon Cannon  
  24  2:47  Photon Cannon  
  24  2:51  Sentinel  
  26  3:12  Twilight Council  
  26  3:30  Stargate  
  26  3:50  Probe (Chrono Boost)  
  26  3:51  Sentinel  
  29  4:01  Probe (Chrono Boost)  
  30  4:11  Probe (Chrono Boost)  
  30  4:15  Robotics Facility  
  31  4:22  Probe (Chrono Boost)  
  31  4:23  Shield Battery  
  31  4:24  Sentinel  
  31  4:28  Photon Cannon  
  34  4:32  Probe (Chrono Boost)  
  35  4:51  Nexus  
  35  5:09  Probe (Chrono Boost)  
  35  5:17  Stargate  
  36  5:20  Probe (Chrono Boost)  
  37  5:53  Probe (Chrono Boost)  
  38  6:09  Stargate  
  38  6:22  Fleet Beacon  
  38  6:34  Assimilator  
  38  6:38  Probe (Chrono Boost)  
  39  6:40  Assimilator  
  39  6:49  Probe (Chrono Boost)  
  39  6:59  Probe (Chrono Boost)  
  41  7:10  Probe (Chrono Boost)  
  42  7:20  Probe (Chrono Boost)  
  43  7:31  Probe (Chrono Boost)  
  44  7:41  Probe (Chrono Boost)  
  45  7:52  Probe (Chrono Boost)  
  46  8:02  Probe (Chrono Boost)  
  47  8:13  Probe (Chrono Boost)  
  47  8:14  Pylon  
  48  8:21  Shield Battery  
  48  8:23  Probe (Chrono Boost)  
  48  8:25  Photon Cannon  
  49  8:33  Khaydarin Monolith  
  45  8:42  Photon Cannon  
  43  9:02  Photon Cannon  
  43  9:03  Photon Cannon  
  43  9:09  Photon Cannon  
  43  9:15  Photon Cannon  
  43  9:20  Shield Battery  
  43  9:24  Shield Battery  
  43  9:30  Khaydarin Monolith  
  43  9:38  Photon Cannon  
  43  9:42  Photon Cannon  
  43  9:46  Photon Cannon  
  43  9:48  Phasing Armor  
  43  9:49  Photon Cannon  
  43  9:53  Probe (Chrono Boost)  
  43  9:58  Optimized Ordinance  
  44  10:03  Probe (Chrono Boost)  
  44  10:08  Carrier x3  
  45  10:14  Probe (Chrono Boost)  
  45  10:16  Repair Drones  
  46  10:24  Probe (Chrono Boost)  
  46  10:25  Enhanced Targeting  
  47  10:35  Probe (Chrono Boost)  
  66  11:07  Pylon  
  65  11:12  Photon Cannon  
  65  11:15  Photon Cannon  
  65  11:19  Photon Cannon  
  65  11:25  Pylon  
  65  11:35  Photon Cannon  
  65  11:39  Mirage x2  
  65  11:47  Photon Cannon  
  65  11:56  Shield Battery  
  65  11:59  Shield Battery  
  65  12:02  Protoss Shields Level 1  
  69  13:20  Solar Efficiency Level 1  
  69  13:41  Protoss Air Weapons Level 1  
  69  13:53  Carrier x3  
  81  14:16  Advanced Repair Systems  
  81  14:34  Fortification Barrier  
  65  15:00  Phase Detonation  
  65  15:47  Khaydarin Monolith  
  65  15:53  Photon Cannon  
  65  15:57  Photon Cannon  
  65  16:00  Protoss Air Armor Level 1  
  65  16:03  Photon Cannon  
  65  16:14  Solar Flare  
  65  17:45  Carrier x3  
  65  18:04  Khaydarin Monolith  
  65  18:20  Pylon  
  65  18:24  Photon Cannon  
  65  18:29  Photon Cannon  
  65  18:33  Photon Cannon  
  65  18:38  Photon Cannon  
  65  18:40  Photon Cannon  
  83  20:16  Carrier  
  83  21:48  Photon Cannon  
  83  22:03  Carrier  
  83  22:11  Mirage  
  83  22:17  Pylon  
  91  22:20  Carrier  
  92  22:41  Mirage  
  91  23:58  Mirage  
  93  25:51  Pylon  
  93  25:58  Pylon  
Show
View Real Time Build Order
Export as new Build Order

Smileblind Protoss 

Build Orders:  

Get SALT Encoding   

  12  0:09  Probe (Chrono Boost)  
  13  0:21  Probe (Chrono Boost)  
  13  0:25  Pylon  
  14  0:33  Probe (Chrono Boost)  
  15  0:51  Probe (Chrono Boost)  
  16  1:03  Probe (Chrono Boost)  
  16  1:04  Gateway  
  17  1:15  Probe (Chrono Boost)  
  17  1:19  Assimilator  
  18  1:27  Probe (Chrono Boost)  
  18  1:28  Assimilator  
  19  1:39  Probe (Chrono Boost)  
  20  1:40  Pylon  
  20  1:51  Probe (Chrono Boost)  
  21  2:03  Probe (Chrono Boost)  
  22  2:12  Forge  
  22  2:15  Probe (Chrono Boost)  
  23  2:27  Probe (Chrono Boost)  
  24  2:32  Cybernetics Core  
  24  2:39  Probe (Chrono Boost)  
  25  2:53  Pylon  
  25  2:55  Probe (Chrono Boost)  
  26  3:07  Probe (Chrono Boost)  
  27  3:15  Photon Cannon  
  27  3:19  Probe (Chrono Boost)  
  28  3:22  Photon Cannon  
  28  3:29  Dragoon x2  
  32  3:30  Photon Cannon  
  32  3:36  Gateway  
  32  3:53  Stargate  
  32  3:56  Dragoon  
  34  4:21  Robotics Facility, Probe (Chrono Boost)  
  35  4:30  Dragoon  
  37  4:45  Gateway  
  37  5:06  Phoenix  
  31  5:44  Phoenix  
  33  5:54  Zealot x3  
  39  7:22  Pylon  
  39  7:29  Pylon  
  39  7:32  Pylon  
  39  7:35  Pylon  
  39  7:39  Immortal  
  39  7:42  Phoenix  
  45  8:12  Phoenix  
  45  8:17  Photon Cannon  
  47  8:22  Photon Cannon  
  37  8:43  Phoenix  
  37  8:48  Gateway  
  37  8:49  Gateway, Dragoon x5  
  49  9:16  Dragoon  
  49  9:17  Dragoon x4  
  59  9:20  Pylon  
  59  9:23  Pylon  
  57  9:56  Dragoon x3  
  57  9:57  Dragoon x2  
  47  10:37  Dragoon  
  47  10:38  Dragoon x4  
  39  11:14  Nexus  
  39  11:18  Phoenix  
  39  12:06  Dragoon x3  
  39  12:07  Dragoon  
  45  12:20  Dragoon  
  29  13:34  Phoenix  
  29  13:35  Probe (Chrono Boost)  
  32  13:47  Dragoon, Probe (Chrono Boost)  
  35  13:59  Probe (Chrono Boost)  
  36  14:04  Phoenix, Dragoon  
  40  14:11  Probe (Chrono Boost)  
  38  14:21  Dragoon x2  
  38  14:22  Dragoon  
  38  14:23  Probe (Chrono Boost)  
  45  14:35  Phoenix  
  45  14:39  Dragoon  
  49  15:01  Dragoon  
  49  15:05  Phoenix  
  49  15:07  Probe (Chrono Boost)  
  52  15:19  Probe (Chrono Boost)  
  53  15:31  Probe (Chrono Boost)  
  53  15:33  Dragoon x3  
  53  15:34  Dragoon  
  62  15:43  Probe (Chrono Boost)  
  63  15:55  Probe (Chrono Boost)  
  63  15:58  Dragoon x2  
  44  16:46  Dragoon x3  
  44  16:47  Dragoon x2  
  38  17:12  Dragoon  
  38  17:15  Zealot x2  
  38  17:16  Zealot x5  
  38  17:17  Zealot  
  52  17:52  Dragoon x3  
  52  17:55  Probe (Chrono Boost)  
  53  18:07  Probe (Chrono Boost)  
  111  18:20  Probe (Chrono Boost)  
  55  18:24  Zealot  
  55  18:25  Zealot x5  
  55  18:26  Zealot x3  
  73  18:32  Probe (Chrono Boost)  
  69  18:44  Probe (Chrono Boost)  
  69  18:46  Dragoon x3  
  51  19:05  Dragoon x2  
  53  19:19  Dragoon x2  
  57  19:23  Zealot x2  
  61  20:01  Dragoon x3  
  61  20:07  Dragoon x2  
  67  20:36  Assimilator  
  59  21:00  Dragoon x4  
  67  21:17  Dragoon  
  67  21:19  Zealot x2  
  73  21:20  Zealot x5  
  73  21:21  Zealot  
  67  22:18  Dragoon  
  67  22:19  Dragoon x4  
  61  22:21  Zealot  
  61  22:22  Zealot x5  
  61  22:23  Zealot  
  63  22:53  Dragoon  
  63  22:54  Dragoon x2  
  63  22:57  Zealot  
  63  22:58  Zealot x2  
  45  24:29  Dragoon x3  
  47  24:31  Dragoon x3  
  47  24:32  Dragoon  
  55  24:47  Zealot x3  
  55  24:48  Zealot x2  
  65  24:54  Dragoon x3  
  65  24:57  Probe (Chrono Boost)  
  66  25:09  Dragoon, Probe (Chrono Boost)  
  57  25:11  Zealot  
  57  25:12  Zealot x2  
  63  25:21  Probe (Chrono Boost)  
  64  25:33  Probe (Chrono Boost)  
  65  25:42  Zealot x4  
  65  25:43  Zealot  
  65  25:45  Probe (Chrono Boost)  
  76  25:57  Probe (Chrono Boost)  
Tags
 
Commander
ArtanisKarax
League
Silver
Matchup
Co-op
Add a new tag
Caveats
  • Supply blocks, unpowered buildings, or Contaminate may cause inaccurate times.
  • Supply counts are checked every 10 seconds.